 Dungeon Crawl Stone Soup version 0.28.0 (webtiles) character file.

Game seed: 12630862133800469790

3924 LustLizard the Cleaver (level 10, -5/80 (86) HPs)
             Began as a Minotaur Berserker on Feb 7, 2022.
             Was a Priest of Trog.
             Slain by Maurice (8 damage)
             ... on level 8 of the Dungeon.
             The game lasted 00:16:31 (9137 turns).

LustLizard the Cleaver (Minotaur Berserker)         Turns: 9137, Time: 00:16:32

HP:   -5/80 (86)    AC:  3    Str: 29    XL:     10   Next: 1%
MP:   9/9           EV: 13    Int:  9    God:    Trog [***...]
Gold: 261           SH:  0    Dex: 10    Spells: 9/9 levels left

rFire   + . .      SeeInvis .   j - +9 long sword of Extremism {vorpal, rElec rPois Str+5 Int-3}
rCold   . . .      Faith    .   (no shield)
rNeg    . . .      Spirit   .   F - +2 chain mail {rF+}
rPois   +          Reflect  .   (helmet restricted)
rElec   +          Harm     .   (no cloak)
rCorr   .          Rampage  .   (no gloves)
Will    .....                   G - +0 pair of boots
Stlth   ..........              (no amulet)
HPRegen 0.23/turn               g - +4 ring of evasion
MPRegen 0.11/turn               d - +6 ring of intelligence

@: corroded, on berserk cooldown, slowed, drained, very slow
A: horns 2, retaliatory headbutt
a: Renounce Religion, Berserk, Trog's Hand


You were on level 8 of the Dungeon.
You worshipped Trog.
Trog was most pleased with you.
You visited 1 branch of the dungeon, and saw 8 of its levels.

You collected 261 gold pieces.

Inventory:

Hand Weapons
 j - the +9 long sword of Extremism (weapon) {vorpal, rElec rPois Str+5 Int-3}
   (You found it on level 7 of the Dungeon)

   It inflicts extra damage upon your enemies.
   Str:       It affects your strength (+5).
   Int:       It affects your intelligence (-3).
   rElec:     It insulates you from electricity.
   rPois:     It protects you from poison.
Missiles
 c - 5 atropa-tipped darts
 e - 87 stones (quivered)
 n - 6 javelins
 t - 29 poisoned darts
 y - a silver javelin
Armour
 r - a +3 ring mail
 F - a +2 chain mail of fire resistance (worn)
 G - a +0 pair of boots (worn)
 I - +0 swamp dragon scales
Jewellery
 d - a +6 ring of intelligence (right hand)
 g - a +4 ring of evasion (left hand)
Wands
 a - a wand of iceblast (11)
 q - a wand of flame (3)
 x - a wand of charming (7)
Scrolls
 b - a scroll of noise {unknown}
 f - a scroll of enchant weapon {unknown}
 l - 6 scrolls of teleportation
 o - 3 scrolls of fog {unknown}
 p - 2 scrolls of magic mapping {unknown}
 v - a scroll of amnesia {unknown}
 z - 2 scrolls of brand weapon {unknown}
Potions
 h - a potion of cancellation
 i - 6 potions of curing
 k - 2 potions of mutation
 m - a potion of resistance
 s - 2 potions of attraction
 u - a potion of heal wounds {unknown}
 w - a potion of magic {unknown}
 A - 2 potions of might {unknown}
 B - a potion of degeneration {unknown}
 C - a potion of ambrosia {unknown}
 D - 2 potions of haste {unknown}
 E - a potion of invisibility {unknown}


   Skills:
 - Level 7.4 Fighting
 * Level 6.5 Long Blades
 - Level 9.9 Axes
 - Level 7.5 Throwing
 - Level 2.4 Armour
 - Level 2.1 Dodging
 - Level 4.9 Evocations


You had 9 spell levels left.
You didn't know any spells.
Your spell library was empty.

Dungeon Overview and Level Annotations

Branches:
Dungeon (8/15)             Temple (0/1) D:5
   Lair: D:8-11

Altars:
Uskayaw
Xom

Shops:
D:7 (

Annotations:
D:7 2 transporters, crazypyro's ghost, novice OgFi
D:8 Harold; Maurice


Innate Abilities, Weirdness & Mutations

You have a pair of horns on your head.
You reflexively headbutt those who attack you in melee.


Message History

A bolt of acid appears from out of thin air!
The bolt of acid hits you! The acid corrodes you!
You closely miss something. You slash something!
Your headbutt misses something. Something hits you.
Something steals your ring of ice!
You feel drained.
You closely miss something.
You hear a zap.
A bolt of acid appears from out of thin air!
The bolt of acid hits you!
* * * LOW HITPOINT WARNING * * *
The acid corrodes you!
You barely miss something. You hit something. Something hits you!
* * * LOW HITPOINT WARNING * * *
Something steals 51 of your 138 stones!
You feel drained.
You barely miss something. Your headbutt misses something.
You hear some strange, mumbled words.
You feel a strong urge to attack something.
You hear a zap.
A bolt of acid appears from out of thin air!
The bolt of acid misses you.
You feel your anger nearly subside.
You are no longer berserk.
You are exhausted.
You feel yourself slow down. Something hits you.
* * * LOW HITPOINT WARNING * * *
Something steals 236 gold pieces!
You now have 261 gold pieces.
You feel drained.
* * * LOW HITPOINT WARNING * * *
You hear some strange, mumbled words.
You feel the effects of Trog's Hand fading.
You hear some strange, mumbled words.
You hear a zap.
A bolt of acid appears from out of thin air!
The bolt of acid hits you!!
* * * LOW HITPOINT WARNING * * *
You hear some strange, mumbled words.
Your skin stops crawling.
You feel less strong-willed. Something hits you!
You die...

#........# #.#
#.......## #........#
#####.###...##....
#........#
#.....#...#.#..##.
#........#
#!......###.#.###.
############.....###
#...# #. ##......#
#..####.
###.......#####.....#.
#...#...........###...
#..##{@.......#### .#
#............... #
###.##........... #..
#........... #.
#####........ .
#......... #..........
..


There were no monsters in sight!

Vanquished Creatures
  A two-headed ogre (D:6)
  Maggie (D:6)
  Grinder (D:4)
  Prince Ribbit (D:7)
  Sigmund (D:6)
  2 steam dragons
  Duvessa (D:7)
  3 orc warriors
  2 ice beasts
  2 sky beasts (D:5)
  2 black bears
  A kobold brigand (D:8)
  A bullfrog (D:8)
  A scorpion (D:5)
  A water moccasin skeleton (D:4)
  Dowan (D:7)
  5 wights (D:6)
  A centaur zombie (D:5)
  3 hounds
  A jelly (D:5)
  4 orc priests
  2 bullfrog skeletons (D:6)
  A gnoll shaman (D:7)
  Natasha (thrice) (D:4)
  An iguana (D:4)
  Ijyb (D:4)
  6 orc wizards
  A howler monkey zombie (D:7)
  8 gnolls
  5 adders
  2 ufetubi
  2 adder skeletons
  2 worms (D:4)
  2 dart slugs (D:4)
  21 orcs
  8 endoplasms
  5 giant cockroaches
  6 goblins
  8 hobgoblins
  13 kobolds
  6 quokkas
  3 ball pythons
  2 bats (D:2)
  5 frilled lizards
  2 rats
151 creatures vanquished.

Vanquished Creatures (others)
  A white imp (D:8)
1 creature vanquished.

Grand Total: 152 creatures vanquished

Notes
Turn   | Place    | Note
-------+----------+-------------------------------------------
     0 | D:1      | LustLizard the Minotaur Berserker began the quest for the
                  | Orb.
     0 | D:1      | Reached XP level 1. HP: 19/19 MP: 0/0
   339 | D:1      | Reached skill level 4 in Axes
   339 | D:1      | Reached XP level 2. HP: 14/27 MP: 1/1
   544 | D:1      | Reached skill level 1 in Throwing
  1537 | D:2      | Reached XP level 3. HP: 33/33 MP: 2/2
  1657 | D:2      | Reached ** piety under Trog
  1765 | D:2      | Found a shimmering altar of Xom.
  2133 | D:3      | Reached XP level 4. HP: 37/40 MP: 3/3
  2353 | D:3      | Reached skill level 5 in Axes
  2848 | D:3      | Reached XP level 5. HP: 47/47 MP: 4/4
  3620 | D:4      | Noticed Ijyb
  3621 | D:4      | Noticed Grinder
  3625 | D:4      | Reached XP level 6. HP: 55/55 MP: 5/5
  3639 | D:4      | Killed Ijyb
  3640 | D:4      | Reached skill level 6 in Axes
  3645 | D:4      | Killed Grinder
  3646 | D:4      | Reached skill level 5 in Fighting
  3830 | D:4      | Reached XP level 7. HP: 50/61 MP: 6/6
  4027 | D:4      | Noticed Natasha
  4037 | D:4      | Killed Natasha
  4041 | D:4      | Noticed Natasha
  4045 | D:4      | Killed Natasha
  4046 | D:4      | Reached skill level 7 in Axes
  4282 | D:4      | Noticed Natasha
  4287 | D:4      | Killed Natasha
  4301 | D:5      | Entered Level 5 of the Dungeon
  4443 | D:5      | Reached skill level 5 in Throwing
  4826 | D:5      | Reached skill level 1 in Evocations
  4834 | D:5      | Found a staircase to the Ecumenical Temple.
  5033 | D:5      | Reached *** piety under Trog
  5056 | D:5      | Reached XP level 8. HP: 50/70 MP: 7/7
  5223 | D:5      | Reached skill level 8 in Axes
  5741 | D:6      | Found a hide-covered altar of Uskayaw.
  6027 | D:6      | Noticed Sigmund
  6034 | D:6      | Killed Sigmund
  6369 | D:6      | Reached skill level 9 in Axes
  6762 | D:6      | Reached XP level 9. HP: 61/78 MP: 8/8
  6836 | D:6      | Noticed Maggie
  6836 | D:6      | Noticed a two-headed ogre
  6863 | D:6      | Killed Maggie
  7070 | D:6      | Killed a two-headed ogre
  7208 | D:7      | Noticed crazypyro's ghost (novice OgFi)
  7208 | D:7      | Noticed a gargoyle
  7209 | D:7      | Found a transporter.
  7261 | D:7      | Identified the +9 long sword of Extremism {vorpal, rElec
                  | rPois Str+5 Int-3}
  7402 | D:7      | Found a transporter.
  7453 | D:7      | Reached skill level 1 in Long Blades
  7889 | D:7      | Found Itru's Firing Range.
  7891 | D:7      | Noticed Duvessa
  7891 | D:7      | Noticed Dowan
  7895 | D:7      | Killed Dowan
  7898 | D:7      | Killed Duvessa
  8142 | D:7      | Noticed Prince Ribbit
  8159 | D:7      | Killed Prince Ribbit
  8160 | D:7      | Reached skill level 5 in Long Blades
  8844 | D:8      | Noticed Maurice
  8846 | D:8      | Noticed Harold
  9065 | D:8      | Reached XP level 10. HP: 79/86 MP: 9/9
  9135 | D:8      | HP: 1/80 [something/bolt of acid (24)]
  9137 | D:8      | Slain by Maurice

Illustrated notes

Levels and vault maps discovered:
D:1:      lightli_molten_gateway, layout_loops_ring
D:2:      layout_loops_cross, basic_altar, minivault_25
D:3:      layout_basic
D:4:      layout_basic, uniq_grinder, uniq_natasha, uniq_ijyb
D:5:      layout_loops_cross, minmay_temple_entry_fiery
D:6:      layout_loops_ring, nicolae_uskayaw_dance_hall, st_stairs_7,
          uniq_maggie, uniq_sigmund
D:7:      layout_basic, gammafunk_ghost_arena, nicolae_shop_firing_range,
          uniq_prince_ribbit1, uniq_duvessa
D:8:      layout_rooms, uniq_grum, uniq_harold, uniq_maurice, uniq_psyche

Skill      XL: |  1  2  3  4  5  6  7  8  9 |
---------------+----------------------------+-----
Axes           | 4 5 6 7 9 |  9.9
Throwing       | 1 2 3 4 5 6 7 |  7.5
Fighting       | 4 5 6 7 |  7.4
Evocations     | 1 3 4 |  4.9
Long Blades    | 6 |  6.5
Armour         | |  2.4
Dodging        | |  2.1

Action                   |  1- 3 |  4- 6 |  7- 9 | 10-12 || total
-------------------------+-------+-------+-------+-------++-------
Melee: Hand axe          |   119 |    21 |       |       ||   140
       Headbutt          |     6 |    24 |    35 |       ||    65
       Mace              |       |    88 |    67 |       ||   155
       Punch             |       |     1 |     1 |       ||     2
       War axe           |       |       |    79 |       ||    79
       Long sword        |       |       |    60 |    12 ||    72
       Broad axe         |       |       |     8 |       ||     8
Throw: Stone             |    13 |    19 |    71 |       ||   103
       Dart              |       |       |     5 |       ||     5
Invok: Trog's Hand       |       |     2 |     5 |     1 ||     8
       Berserk           |       |     1 |     6 |     1 ||     8
  Use: Scroll            |     3 |       |     4 |       ||     7
Armor: Animal skin       |     6 |       |       |       ||     6
       Ring mail         |    25 |    60 |    61 |       ||   146
       Chain mail        |       |       |    17 |     3 ||    20
Dodge: Dodged            |    70 |    74 |   173 |     2 ||   319
